Map: Ruins of Seras

Players

fOru - Winner!

  • Race: Terran Terran
  • League: Diamond

ReacH

  • Race: Protoss Protoss
  • League: Platinum

VOD

Have the link to the VOD?

Description

Time

  • Played on: Feb. 24, 2016, 3:10 p.m.
  • Length: 21:08
Show
View Real Time Build Order
Export as new Build Order

fOru Terran - Winner!

Build Orders: MMM Bio 

Get SALT Encoding   

  12  0:01  SCV  
  13  0:13  SCV  
  14  0:18  Supply Depot  
  14  0:25  SCV  
  15  0:40  SCV  
  15  0:41  Barracks  
  16  0:46  Refinery  
  16  0:52  SCV  
  17  1:04  SCV  
  18  1:16  SCV  
  19  1:28  SCV  
  19  1:29  Reaper  
  21  1:40  Orbital Command  
  21  1:49  Command Center  
  21  2:14  Barracks  
  21  2:18  Barracks  
  21  2:21  Supply Depot  
  21  2:24  SCV  
  21  2:27  Barracks Reactor  
  22  2:36  SCV  
  23  2:47  Factory  
  23  2:48  SCV  
  23  2:51  Refinery  
  24  3:00  SCV  
  24  3:01  Orbital Command  
  25  3:11  Barracks Tech Lab x2  
  25  3:12  Marine, SCV  
  26  3:14  Marine  
  27  3:24  SCV  
  28  3:30  Marine, Stimpack  
  28  3:31  Marine  
  30  3:36  Marauder, Marine, SCV  
  34  3:41  SCV  
  34  3:47  Marine  
  34  3:48  Starport, SCV  
  36  3:52  Factory Reactor  
  36  3:56  Marine x2  
  36  3:57  Marine  
  39  4:08  Marine  
  39  4:09  SCV  
  40  4:10  SCV  
  40  4:14  Marauder, Marine  
  40  4:15  Marauder  
  46  4:28  Supply Depot x2  
  46  4:29  Supply Depot  
  46  4:32  Combat Shields  
  46  4:40  SCV  
  46  4:50  Medivac, SCV  
  46  4:52  SCV  
  50  4:56  Medivac  
  50  4:57  Marine  
  50  4:58  Command Center  
  50  4:59  Marine  
  54  5:02  SCV  
  54  5:03  Marine  
  54  5:04  SCV  
  54  5:05  Marine  
  58  5:14  SCV  
  58  5:15  Marine  
  58  5:16  Engineering Bay  
  58  5:17  Marine  
  58  5:20  Viking  
  63  5:30  Marine x2  
  63  5:32  Marine  
  63  5:35  Marine  
  67  5:48  Marine x2  
  66  5:50  Marine  
  66  5:56  Marine  
  68  6:01  Factory Reactor  
  68  6:02  Barracks  
  67  6:04  Barracks  
  67  6:06  Marine x2  
  69  6:15  Marine x2  
  71  6:23  Marine, Terran Infantry Weapons Level 1  
  71  6:24  Marine  
  73  6:26  Orbital Command  
  73  6:39  Marine x2  
  74  6:40  Orbital Command  
  74  6:42  Marauder, Marine  
  78  6:54  Refinery x2  
  78  6:57  Supply Depot  
  78  7:00  Supply Depot  
  78  7:01  Supply Depot  
  78  7:06  Barracks Tech Lab, Barracks Reactor  
  78  7:13  SCV  
  78  7:14  SCV  
  80  7:16  Marauder, Marine x2  
  80  7:22  SCV  
  85  7:25  SCV  
  85  7:26  SCV  
  85  7:28  Marauder, Marine  
  90  7:33  Marine  
  90  7:34  Marine, SCV  
  93  7:38  Marauder, SCV x2  
  97  7:45  Marine  
  97  7:46  Marine x2, SCV  
  97  7:50  Marauder, SCV x2  
  105  7:51  Marine  
  105  7:53  Supply Depot  
  105  7:55  Supply Depot x2  
  105  7:57  Marine  
  107  7:59  Marauder  
  109  8:13  Marine  
  109  8:14  Marauder  
  104  8:29  Marine x2  
  104  8:30  Marauder, Marine x2  
  104  8:31  Medivac x2, Marauder  
  116  8:35  Marauder  
  116  8:36  Ghost Academy  
  116  8:38  SCV  
  119  8:47  Terran Infantry Armor Level 1, Marine  
  119  8:48  Command Center  
  120  8:49  Engineering Bay  
  120  8:50  Armory  
  120  8:51  Marauder  
  120  8:55  SCV x3  
  125  8:59  Refinery  
  125  9:00  Refinery  
  125  9:01  Medivac  
  127  9:07  SCV  
  128  9:14  Marauder x2, Marine  
  133  9:23  Personal Cloaking  
  133  9:48  Supply Depot  
  133  9:49  Supply Depot  
  133  9:51  Supply Depot x2, Terran Infantry Weapons Level 2  
  133  9:55  Supply Depot  
  133  9:58  Refinery  
  133  9:59  Marine x2  
  140  10:00  Marauder, Missile Turret, SCV x3  
  140  10:03  Refinery  
  140  10:07  Marine  
  140  10:08  Marauder x2, Marine  
  140  10:12  SCV x3  
  148  10:19  Planetary Fortress  
  148  10:21  Missile Turret  
  148  10:22  Missile Turret  
  148  10:24  Missile Turret, SCV x3  
  151  10:31  Terran Ship Weapons Level 1  
  151  10:36  SCV x3  
  151  10:38  Barracks, Starport  
  154  10:42  Barracks  
  154  10:44  Barracks  
  154  10:48  SCV  
  155  10:52  SCV x2  
  155  10:55  Marauder, Marine x2  
  155  10:56  Marauder x2  
  165  11:00  SCV  
  166  11:04  SCV  
  167  11:16  Ghost x3  
  173  11:23  Marine  
  173  11:24  Marine x3  
  176  11:30  Supply Depot  
  176  11:31  Supply Depot  
  176  11:34  Supply Depot  
  176  11:35  Supply Depot  
  176  11:36  Supply Depot  
  176  11:39  Barracks Tech Lab x2  
  177  11:41  Barracks Reactor  
  177  11:42  Starport Tech Lab  
  177  11:45  Marauder x2  
  180  12:02  Command Center  
  180  12:07  Marauder x3, Marine x4  
  180  12:08  Marauder  
  192  12:14  Liberator  
  149  12:24  Marine x2  
  149  12:25  Marauder, Marine x4, Liberator x2  
  149  12:28  Marauder  
  149  12:29  Marauder x3  
  145  12:42  Marine x2  
  151  12:46  Marauder  
  151  12:50  Marauder  
  143  12:55  Marauder x2, Marine x5  
  146  13:00  Marine x2  
  142  13:07  Marine  
  142  13:11  Terran Infantry Armor Level 2  
  143  13:15  Starport  
  146  13:22  Planetary Fortress  
  151  13:46  Fusion Core, Terran Infantry Weapons Level 3  
  151  13:47  Terran Ship Weapons Level 2  
  151  13:52  Ghost x2  
  151  13:53  Ghost  
  155  13:57  Medivac  
  155  13:58  Medivac  
  155  14:00  Starport Reactor  
  151  14:03  Viking  
  151  14:05  Marine x4  
  151  14:06  Marauder, Marine x3  
  162  14:20  Bunker  
  162  14:21  Refinery, Marine x2  
  162  14:22  Marauder, Refinery  
  162  14:23  Marine  
  167  14:27  Viking  
  167  14:28  Ghost, Viking  
  173  14:33  Viking  
  175  14:44  Sensor Tower  
  175  14:47  Command Center  
  175  14:52  Liberator x3  
  175  14:57  Viking  
  175  14:58  Viking  
  179  15:02  Missile Turret  
  179  15:05  Missile Turret  
  179  15:06  Advanced Ballistics  
  179  15:10  Liberator x2  
  194  15:30  Marine  
  194  15:31  Marauder x2, Marine  
  200  15:46  Orbital Command  
  191  16:16  Marauder, Marine x3  
  191  16:17  Marauder  
  198  16:24  Command Center  
  197  16:26  Command Center  
  197  16:32  Command Center  
  197  16:51  Marine x2  
  197  16:52  Marauder  
  190  17:15  Ghost  
  190  17:16  Ghost x4  
  190  17:19  Marine  
  185  17:24  Medivac x3  
  189  17:31  Marine x5  
  185  17:45  Marauder x3  
  168  17:57  Marauder, Marine x3, Liberator  
  168  17:58  Marauder  
  144  18:13  Viking x2  
  144  18:14  Viking x2  
  144  18:15  Marine x4  
  144  18:16  Marauder x3  
  144  18:18  Ghost, Orbital Command  
  144  18:19  Marauder  
  169  18:20  Terran Ship Weapons Level 3  
  169  18:36  Marine, Ghost x3  
  169  18:37  Marine x5  
  169  18:39  Ghost  
  183  18:47  Ghost  
  185  18:54  Marine  
  185  18:55  Marine  
  187  18:58  Planetary Fortress  
  187  19:00  Planetary Fortress  
  187  19:11  Planetary Fortress  
  187  19:15  Missile Turret  
  187  19:17  Missile Turret  
  187  19:18  Missile Turret  
  187  19:19  Marine x2  
  187  19:20  Marauder x4, Marine x3  
  200  19:25  Missile Turret  
  157  19:46  Marine  
  157  19:47  Marauder x3, Marine x5  
  157  19:48  Marauder x2  
  154  20:04  Marine x3  
  154  20:05  Marine x3  
  160  20:08  Marauder  
  160  20:09  Marauder x4  
  154  20:22  Marine x3  
  154  20:23  Marine x3  
  154  20:29  Marine  
  154  20:30  Marauder x2, Marine  
  158  20:47  Marine x4  
Show
View Real Time Build Order
Export as new Build Order

ReacH Protoss 

Build Orders: 1 Gate Expand, Double Forge 

Get SALT Encoding   

  12  0:01  Probe (Chrono Boost)  
  13  0:11  Probe (Chrono Boost)  
  14  0:20  Pylon  
  14  0:22  Probe (Chrono Boost)  
  15  0:38  Probe (Chrono Boost)  
  15  0:40  Gateway  
  16  0:47  Assimilator  
  16  0:49  Probe (Chrono Boost)  
  17  0:59  Probe (Chrono Boost)  
  18  1:10  Probe (Chrono Boost)  
  19  1:20  Probe (Chrono Boost)  
  20  1:28  Nexus  
  20  1:32  Probe (Chrono Boost)  
  21  1:39  Cybernetics Core  
  21  1:43  Probe (Chrono Boost)  
  21  1:45  Assimilator  
  22  1:53  Pylon  
  22  1:57  Probe (Chrono Boost)  
  23  2:08  Probe (Chrono Boost)  
  23  2:15  Adept (Chrono Boost)  
  23  2:17  Warp Gate  
  23  2:19  Probe  
  26  2:25  Gateway  
  26  2:31  Gateway  
  26  2:40  Stalker (Chrono Boost)  
  26  2:43  Probe  
  29  2:49  Mothership Core  
  29  2:58  Probe  
  32  3:08  Stalker (Chrono Boost)  
  32  3:10  Probe x2  
  36  3:16  Pylon  
  36  3:25  Robotics Facility  
  36  3:28  Probe x2 (Chrono Boost)  
  38  3:40  Probe (Chrono Boost)  
  39  3:42  Probe (Chrono Boost)  
  39  3:46  Twilight Council  
  40  3:51  Probe (Chrono Boost)  
  40  3:53  Probe (Chrono Boost)  
  42  3:58  Stalker  
  45  4:03  Probe (Chrono Boost)  
  45  4:05  Probe (Chrono Boost)  
  44  4:13  Warp Prism (Chrono Boost)  
  46  4:23  Forge  
  46  4:27  Probe  
  46  4:28  Forge  
  46  4:29  Assimilator  
  46  4:30  Assimilator  
  47  4:32  Probe  
  47  4:37  Adept x2  
  52  4:42  Adept  
  54  4:50  Pylon  
  54  5:00  Protoss Ground Weapons Level 1 (Chrono Boost)  
  54  5:01  Protoss Ground Armor Level 1 (Chrono Boost)  
  54  5:08  Observer, Probe x2  
  57  5:20  Probe x2  
  59  5:21  Pylon  
  59  5:22  Pylon  
  59  5:23  Adept  
  61  5:32  Probe  
  62  5:39  Probe  
  63  5:44  Probe  
  63  5:47  Adept  
  63  5:48  Adept x2  
  70  5:51  Probe  
  70  5:56  Probe  
  72  6:01  Immortal  
  72  6:03  Probe  
  77  6:09  Probe  
  78  6:17  Charge  
  78  6:19  Templar Archives  
  78  6:23  Pylon  
  78  6:25  Nexus  
  78  6:28  Pylon  
  78  6:35  Probe  
  78  6:38  Adept  
  77  6:41  Immortal  
  77  6:43  Adept x2  
  85  6:48  Protoss Ground Armor Level 2 (Chrono Boost)  
  85  6:53  Gateway, Protoss Ground Weapons Level 2 (Chrono Boost)  
  85  6:55  Probe  
  85  6:56  Gateway  
  86  7:13  Pylon  
  86  7:14  Pylon  
  86  7:17  Pylon  
  86  7:31  Stalker, Immortal, Probe  
  91  7:37  High Templar x2  
  95  7:47  Psionic Storm  
  95  7:55  Nexus, Pylon  
  95  7:58  Pylon  
  95  8:01  Pylon  
  94  8:11  Stalker x3  
  100  8:18  Nexus  
  100  8:24  Immortal  
  100  8:26  Pylon  
  104  8:32  Probe x2  
  96  8:36  Pylon  
  96  8:39  Pylon, High Templar  
  98  8:42  Pylon  
  98  8:44  Probe  
  99  9:00  Zealot  
  101  9:04  Assimilator  
  101  9:05  Observer  
  101  9:06  Protoss Ground Armor Level 3 (Chrono Boost), Assimilator  
  101  9:20  Zealot x2  
  101  9:21  Zealot x3  
  111  9:32  Probe x2  
  111  9:36  Observer  
  114  9:42  High Templar  
  114  9:43  Zealot x2, High Templar  
  114  9:44  Zealot  
  124  9:50  Stargate  
  124  9:52  Pylon, Probe x2  
  126  9:59  Probe  
  126  10:01  Gateway  
  126  10:04  Probe x2  
  128  10:10  Probe  
  128  10:11  Protoss Ground Weapons Level 3 (Chrono Boost)  
  129  10:21  Blink  
  129  10:29  Stargate  
  129  10:35  Nexus  
  129  10:38  Pylon  
  129  10:44  Fleet Beacon  
  129  10:50  Gateway  
  129  10:52  Gateway  
  129  10:56  Pylon  
  133  11:04  Immortal (Chrono Boost)  
  133  11:20  Oracle (Chrono Boost)  
  133  11:22  Tempest (Chrono Boost)  
  140  11:35  Assimilator  
  140  11:40  Assimilator  
  140  11:49  High Templar x2  
  140  11:50  Zealot  
  140  11:51  Zealot x3  
  152  11:59  Tempest  
  122  12:25  Zealot x2, Tempest  
  122  12:26  Zealot x4  
  122  12:27  Immortal  
  110  12:50  Zealot x6  
  110  12:51  Zealot x2  
  118  13:08  Probe  
  118  13:09  Probe x3  
  122  13:13  High Templar x3  
  122  13:14  High Templar x4, Tempest (Chrono Boost)  
  122  13:17  Warp Prism (Chrono Boost)  
  140  13:24  Protoss Shields Level 1  
  142  13:31  Robotics Bay  
  142  13:41  Dark Shrine  
  142  13:45  Robotics Facility  
  142  14:03  High Templar x3  
  142  14:06  Archon x3  
  142  14:07  Archon  
  148  14:10  Archon  
  148  14:11  High Templar  
  148  14:12  Nexus  
  148  14:16  Zealot x4  
  158  14:19  Archon  
  158  14:28  Pylon  
  158  14:31  Pylon  
  158  14:43  Gateway  
  158  14:44  Assimilator  
  158  14:45  Gateway  
  158  14:46  Adept x3, Gateway  
  158  14:48  Adept, Assimilator  
  158  14:49  Gateway  
  166  14:56  Dark Templar  
  166  14:59  Photon Cannon  
  168  15:07  High Templar x2  
  168  15:09  High Templar  
  168  15:11  Stalker x3  
  178  15:38  Zealot x2  
  178  15:39  Zealot x3  
  178  15:40  Zealot x2  
  192  15:49  Observer Gravitic Boosters  
  192  16:08  Nexus  
  190  16:15  Zealot x2  
  190  16:16  Zealot x3  
  197  16:34  High Templar  
  177  17:26  Oracle (Chrono Boost), Warp Prism  
  177  17:27  Tempest (Chrono Boost)  
  182  17:32  Immortal  
  170  17:49  Archon  
  147  17:58  Colossus (Chrono Boost)  
  123  18:00  Tempest (Chrono Boost)  
  123  18:05  Extended Thermal Lance  
  101  18:18  Zealot x4  
  101  18:19  Zealot x7  
  121  18:21  Zealot  
  129  18:34  Tempest (Chrono Boost)  
  129  18:39  Tempest  
  129  18:41  High Templar x4  
  141  18:42  Zealot x7  
  154  18:58  High Templar  
  154  19:01  Immortal (Chrono Boost)  
  154  19:11  Observer (Chrono Boost)  
  154  19:14  Zealot x10  
  139  19:48  Zealot, Colossus x2 (Chrono Boost)  
  139  19:49  Zealot x4  
  153  19:56  Stalker  
  153  19:57  Stalker  
  131  20:12  Zealot x2  
  131  20:13  Zealot x3  
  135  20:20  High Templar  
  135  20:21  High Templar x3  
  111  20:24  Zealot  
  111  20:26  Archon x2  
  105  20:28  Stalker  
  105  20:34  High Templar x2  
  105  20:35  High Templar  
  95  20:36  Dark Templar  
  95  20:40  Archon  
  89  20:47  Zealot x2, High Templar  
  75  20:59  Stalker  
  75  21:00  Stalker x2  
Tags
 
Add a new tag
Caveats
  • Supply blocks, unpowered buildings, or Contaminate may cause inaccurate times.
  • Supply counts are checked every 10 seconds.